Map: New Gettysburg LE

Players

Fropez - Winner!

  • Race: Protoss Protoss
  • League: Gold
  • Spawn Location: 5:00

Pionneer

  • Race: Zerg Zerg
  • League: Silver
  • Spawn Location: 7:00

VOD

Have the link to the VOD?

Description

Time

  • Played on: Sept. 22, 2016, 10:30 a.m.
  • Length: 9:15
Show
View Real Time Build Order
Export as new Build Order

Fropez Protoss - Winner!

Build Orders:  

Get SALT Encoding   

  12  0:01  Probe (Chrono Boost)  
  13  0:20  Pylon  
  13  0:32  Probe (Chrono Boost)  
  14  0:40  Forge  
  15  0:43  Probe (Chrono Boost)  
  15  0:53  Probe (Chrono Boost)  
  16  0:59  Pylon  
  16  1:01  Pylon  
  16  1:04  Probe (Chrono Boost)  
  17  1:14  Probe (Chrono Boost)  
  18  1:22  Photon Cannon  
  18  1:36  Pylon  
  16  1:56  Nexus  
  16  2:03  Photon Cannon  
  16  2:23  Gateway  
  16  2:27  Pylon, Probe (Chrono Boost)  
  17  2:31  Assimilator  
  17  2:35  Assimilator  
  17  2:39  Probe (Chrono Boost)  
  18  3:03  Gateway  
  18  3:08  Photon Cannon  
  18  3:16  Probe (Chrono Boost), Cybernetics Core  
  19  3:20  Probe (Chrono Boost)  
  21  3:27  Probe (Chrono Boost)  
  21  3:40  Probe (Chrono Boost)  
  21  3:41  Pylon  
  22  3:45  Probe (Chrono Boost)  
  23  3:54  Adept  
  25  4:04  Pylon  
  25  4:08  Probe x2 (Chrono Boost)  
  26  4:18  Probe (Chrono Boost)  
  26  4:19  Adept  
  29  4:24  Probe (Chrono Boost)  
  30  4:36  Adept  
  30  4:37  Warp Gate (Chrono Boost)  
  33  4:39  Mothership Core  
  33  4:40  Probe  
  35  4:50  Probe  
  36  4:59  Pylon  
  36  5:05  Probe  
  37  5:13  Probe, Robotics Facility  
  37  5:15  Twilight Council  
  37  5:17  Probe  
  39  5:23  Probe  
  40  5:29  Probe  
  40  5:35  Probe  
  42  6:03  Warp Prism  
  42  6:05  Resonating Glaives (Chrono Boost)  
  42  6:11  Pylon  
  42  6:15  Gateway  
  42  6:16  Gateway  
  42  6:19  Pylon  
  42  6:21  Gateway x2  
  42  6:27  Gateway, Protoss Ground Weapons Level 1  
  42  6:29  Gateway  
  42  6:35  Probe x2  
  44  6:49  Probe  
  45  6:54  Probe  
  46  7:03  Pylon  
  46  7:18  Adept x3  
  46  7:19  Adept x3  
  57  7:33  Adept  
  55  7:44  Adept x3  
  55  7:45  Adept x3  
  55  7:50  Probe  
  68  8:06  Adept x3  
  68  8:08  Adept  
  76  8:21  Probe  
  73  8:46  Adept x4  
  73  8:47  Adept  
  63  9:06  Adept x3  
Show
View Real Time Build Order
Export as new Build Order

Pionneer Zerg 

Build Orders: Pool First 

Get SALT Encoding   

  12  0:01  Drone  
  13  0:11  Drone  
  14  0:19  Overlord  
  14  0:24  Extractor  
  14  0:25  Drone  
  15  0:42  Drone  
  16  0:43  Drone  
  18  0:50  Drone  
  18  1:34  Spawning Pool, Drone  
  18  1:35  Drone x2  
  20  2:01  Hatchery  
  20  2:08  Extractor  
  18  2:11  Drone x3  
  18  2:12  Extractor  
  20  2:21  Overlord  
  20  2:40  Queen  
  22  2:55  Drone x3  
  25  3:16  Queen  
  25  3:18  Drone  
  28  3:23  Queen  
  30  3:34  Drone  
  30  3:37  Overlord  
  31  3:53  Spore Crawler  
  30  4:03  Zergling x6  
  30  4:04  Zergling x8  
  37  4:35  Lair  
  37  4:40  Roach Warren  
  37  4:45  Spore Crawler  
  35  4:54  Queen  
  35  4:56  Hatchery  
  36  5:09  Extractor  
  36  5:10  Drone  
  36  5:11  Drone x8  
  44  5:14  Overlord  
  44  5:18  Extractor  
  43  5:22  Overlord  
  43  5:35  Spine Crawler  
  43  5:39  Glial Reconstitution  
  42  5:45  Nydus Network  
  41  6:03  Roach  
  41  6:04  Roach x4  
  50  6:20  Drone x2  
  50  6:22  Queen  
  54  6:36  Drone x5  
  54  6:37  Drone x2  
  61  6:52  Nydus Canal  
  61  7:01  Roach x2  
  65  7:03  Overlord x3  
  48  7:49  Roach x4  
  48  7:50  Roach x2  
  58  7:59  Drone x3  
  58  8:04  Drone x2  
  63  8:22  Ravager x2  
  63  8:23  Ravager x3  
Tags
 
Matchup
PvZ
Opening
Pool First
Replay Pack
All Mines
Spawn Locations
Close Positions
Add a new tag
Caveats
  • Supply blocks, unpowered buildings, or Contaminate may cause inaccurate times.
  • Supply counts are checked every 10 seconds.